Map: Kairos Junction LE

Players

Schaeffer

  • Race: Terran Terran
  • League: Master
  • Spawn Location: 5:00

llIllllIllll - Winner!

  • Race: Protoss Protoss
  • League: Master
  • Spawn Location: 11:00

VOD

Have the link to the VOD?

Description

Time

  • Played on: Jan. 5, 2019, 7:50 p.m.
  • Length: 14:58
Show
View Real Time Build Order
Export as new Build Order

Schaeffer Terran 

Build Orders:  

Get SALT Encoding   

  12  0:01  SCV  
  13  0:15  SCV  
  13  0:20  Supply Depot  
  14  0:27  SCV  
  15  0:42  SCV  
  16  0:44  Barracks  
  16  0:54  SCV  
  17  1:06  SCV  
  18  1:21  Supply Depot  
  18  1:28  Refinery  
  18  1:30  Marine  
  19  1:37  Bunker  
  19  1:48  Marine  
  20  2:07  Orbital Command, Barracks  
  20  2:17  Bunker  
  20  2:22  Supply Depot  
  20  2:24  Command Center  
  20  2:38  Barracks Reactor  
  20  2:43  SCV  
  21  2:45  Supply Depot  
  21  2:54  Barracks Tech Lab  
  21  2:55  SCV  
  22  2:58  Engineering Bay  
  22  3:08  SCV  
  22  3:10  Factory  
  23  3:14  Marine  
  23  3:15  Marine  
  23  3:17  Marine  
  26  3:25  SCV  
  27  3:35  Missile Turret  
  27  3:36  Marine  
  27  3:37  Marine  
  27  3:40  Orbital Command  
  29  3:43  Marine  
  30  3:48  SCV  
  31  4:08  Refinery  
  31  4:12  Factory Tech Lab  
  31  4:14  Stimpack, Marine x3  
  34  4:19  Supply Depot  
  34  4:21  Missile Turret  
  34  4:23  SCV  
  35  4:26  SCV  
  36  4:31  Marine  
  36  4:37  Starport  
  37  4:38  Marine  
  37  4:39  Marine  
  34  5:01  Marine x2  
  34  5:04  Marine  
  33  5:07  Orbital Command  
  33  5:16  Siege Tank  
  33  5:18  Starport Reactor  
  33  5:19  Marine x2  
  38  5:22  Marine  
  38  5:27  SCV  
  40  5:29  Supply Depot  
  40  5:34  SCV  
  41  5:36  Marine  
  41  5:37  Marine  
  41  5:39  SCV  
  41  5:40  Missile Turret  
  44  5:43  Marine  
  44  5:46  SCV  
  46  5:51  SCV  
  46  5:53  Siege Tank  
  46  5:54  Marine x2  
  52  5:58  Refinery  
  52  5:59  Refinery, SCV  
  53  6:05  Supply Depot  
  53  6:06  SCV  
  53  6:07  Marine  
  53  6:11  Medivac, SCV  
  58  6:12  Marine  
  58  6:13  Marine  
  60  6:21  Liberator  
  60  6:23  Concussive Shells  
  60  6:25  Marine  
  60  6:27  Hellion  
  60  6:31  SCV x2  
  60  6:32  Supply Depot  
  68  6:43  SCV x2  
  70  6:53  Marine x3  
  73  6:55  SCV x2  
  75  7:04  Viking  
  75  7:07  SCV  
  74  7:11  Marine x3  
  64  7:27  Viking  
  64  7:29  Marine x3  
  67  7:40  Viking  
  69  7:46  Marine x3  
  65  7:54  Terran Infantry Armor Level 1  
  65  7:57  Armory  
  65  7:59  Armory  
  65  8:00  SCV  
  65  8:03  SCV  
  65  8:04  Marine x3  
  70  8:09  Viking  
  70  8:12  SCV  
  73  8:19  Viking  
  75  8:22  Marine x2  
  77  8:28  Supply Depot  
  77  8:29  Siege Tank  
  77  8:30  Supply Depot  
  77  8:31  SCV  
  77  8:32  SCV  
  82  8:34  Marine  
  82  8:39  Medivac  
  82  8:40  Marine  
  86  8:49  Viking, Marine  
  86  8:55  Command Center  
  89  8:56  Supply Depot  
  89  9:00  Marine x2  
  91  9:07  Terran Ship Weapons Level 1, Marine  
  91  9:09  Terran Vehicle And Ship Armor Level 1, Viking  
  94  9:17  Marine  
  94  9:22  Marine  
  94  9:23  Viking  
  98  9:25  Marine  
  99  9:35  Marine  
  100  9:39  Viking, Marine  
  100  9:42  Marine  
  104  9:48  Terran Infantry Weapons Level 1  
  103  9:53  Viking, Marine  
  103  9:57  Marine  
  107  10:00  Marine  
  108  10:08  Combat Shield  
  108  10:09  Viking  
  108  10:11  Marine  
  111  10:15  Marine  
  111  10:18  Marine  
  113  10:23  Viking  
  115  10:29  Marine  
  115  10:30  Command Center  
  115  10:33  Marine  
  117  10:36  Marine  
  117  10:39  Viking  
  120  10:47  Supply Depot, Marine  
  121  10:51  Marine  
  121  10:53  Viking  
  121  10:54  Marine  
  125  10:58  Orbital Command  
  125  10:59  SCV x2  
  127  11:04  Marine  
  127  11:08  Terran Ship Weapons Level 2  
  128  11:11  SCV  
  128  11:15  Terran Vehicle And Ship Armor Level 2  
  129  11:18  Marine  
  129  11:23  Marine x2  
  132  11:43  Marine x3  
  135  12:01  Terran Infantry Weapons Level 2, Marine x3  
  135  12:06  Engineering Bay  
  137  12:19  Marine x2  
  137  12:22  Marine  
  121  12:37  Marine  
  120  12:42  Widow Mine  
  95  12:48  Viking  
  70  12:54  Marine  
  53  13:04  Hellbat  
  54  13:12  Marine  
  45  13:17  Orbital Command, Viking  
  43  13:23  Barracks  
  43  13:26  Barracks  
  43  13:30  Marine  
  35  13:47  Viking  
  35  13:48  Marine  
Show
View Real Time Build Order
Export as new Build Order

llIllllIllll Protoss - Winner!

Build Orders:  

Get SALT Encoding   

  12  0:01  Probe  
  13  0:13  Probe  
  14  0:24  Pylon  
  14  0:25  Probe  
  15  0:42  Probe  
  16  0:43  Forge  
  16  0:54  Pylon, Probe  
  17  1:06  Probe  
  18  1:18  Photon Cannon  
  18  1:19  Photon Cannon  
  18  1:25  Assimilator  
  18  1:33  Gateway  
  18  1:35  Probe  
  19  1:42  Assimilator  
  19  1:43  Probe  
  19  2:11  Probe  
  19  2:15  Assimilator  
  20  2:21  Zealot  
  20  2:22  Probe  
  20  2:25  Cybernetics Core  
  23  2:30  Probe  
  24  2:39  Probe  
  25  2:49  Probe  
  26  2:59  Nexus  
  26  3:02  Probe  
  27  3:07  Stargate  
  27  3:16  Pylon  
  29  3:20  Adept  
  29  3:25  Probe  
  30  3:35  Photon Cannon  
  30  4:01  Fleet Beacon  
  30  4:05  Stalker  
  32  4:10  Probe  
  32  4:11  Pylon  
  32  4:12  Probe  
  34  4:18  Probe  
  35  4:24  Probe  
  35  4:26  Oracle  
  39  4:39  Probe  
  39  4:41  Assimilator  
  40  4:52  Shield Battery  
  38  5:02  Probe  
  39  5:13  Tempest  
  42  5:14  Probe  
  42  5:19  Probe  
  42  5:21  Pylon  
  44  5:23  Assimilator  
  44  5:24  Probe  
  45  5:30  Shield Battery  
  45  5:31  Shield Battery, Photon Cannon, Probe  
  45  5:32  Probe  
  46  5:40  Probe  
  47  5:43  Probe  
  47  5:44  Photon Cannon  
  49  5:53  Probe  
  49  5:56  Probe  
  51  5:59  Photon Cannon  
  51  6:10  Tempest  
  56  6:12  Probe  
  56  6:17  Probe  
  58  6:18  Warp Gate  
  58  6:24  Probe  
  59  6:27  Pylon  
  59  6:29  Probe  
  60  6:33  Robotics Facility  
  60  6:39  Pylon  
  60  6:50  Pylon  
  60  6:51  Pylon  
  60  6:53  Pylon, Tempest  
  65  7:07  Photon Cannon  
  65  7:08  Photon Cannon  
  65  7:10  Pylon  
  63  7:30  Tempest  
  63  7:34  Immortal  
  72  7:37  Gateway  
  72  7:40  Gateway  
  72  7:41  Gateway  
  72  7:45  Twilight Council  
  72  7:55  Shield Battery  
  72  8:05  Robotics Bay  
  72  8:06  Pylon  
  72  8:09  Tempest  
  72  8:12  Pylon  
  72  8:14  Pylon  
  72  8:15  Immortal, Pylon  
  81  8:37  Templar Archives  
  81  8:38  Stalker x2  
  81  8:39  Stalker  
  87  8:46  Colossus  
  87  8:52  Mothership  
  101  9:03  Extended Thermal Lance  
  101  9:36  Psionic Storm  
  101  9:40  Colossus  
  107  9:48  High Templar  
  107  9:51  Pylon  
  109  9:52  Pylon  
  109  10:01  High Templar  
  108  10:14  Photon Cannon  
  108  10:16  Photon Cannon  
  108  10:17  Pylon  
  108  10:18  High Templar  
  110  10:29  High Templar  
  112  10:42  Gateway  
  112  10:45  Gateway  
  112  10:47  Gateway  
  112  10:53  Colossus  
  118  11:10  High Templar  
  120  11:14  Stalker  
  122  11:22  Stalker  
  124  11:37  Stalker x2  
  128  11:42  Stalker x2  
  132  11:52  Stalker x2  
  136  12:30  Stalker x3  
  111  13:02  Stalker x5  
  119  13:25  Stalker x4, Nexus  
  127  13:28  Pylon  
  125  13:46  Tempest  
Tags
 
Add a new tag
Caveats
  • Supply blocks, unpowered buildings, or Contaminate may cause inaccurate times.
  • Supply counts are checked every 10 seconds.